 Dungeon Crawl Stone Soup version 0.22-a0-21-g9421e3f (webtiles) character file.

351 Lanoc the Slasher (level 6, -3/48 HPs)
             Began as a Demonspawn Chaos Knight on Jan 3, 2018.
             Slain by a hound (5 damage)
             ... on level 4 of the Dungeon.
             The game lasted 00:04:54 (2177 turns).

Lanoc the Slasher (Demonspawn Chaos Knight)         Turns: 2177, Time: 00:04:54

Health: -3/48      AC:  6    Str: 13    XL:     6   Next: 34%
Magic:  6/6        EV: 12    Int: 13    God:    Xom [..*...]
Gold:   116        SH:  0    Dex: 14    Spells: 5/5 levels left

rFire    . . .     SeeInvis .   a - +0 falchion (chaos)
rCold    . . .     Gourm    .   (no shield)
rNeg     . . .     Faith    .   b - +2 leather armour
rPois    .         Spirit   .   n - +0 helmet
rElec    .         Reflect  .   (no cloak)
rCorr    .         Harm     .   (no gloves)
MR       .....                  (no boots)
Stlth    +.........             (no amulet)
HPRegen  0.16/turn              (no ring)
MPRegen  0.10/turn              (no ring)

@: no status effects
A: claws 2
a: Renounce Religion


You were on level 4 of the Dungeon.
You worshipped Xom.
You were a toy of Xom.
You were not hungry.

You visited 1 branch of the dungeon, and saw 4 of its levels.

You collected 116 gold pieces.

Inventory:

Hand Weapons
 a - a +0 falchion of chaos (weapon)
Missiles
 o - 17 bolts
Armour
 b - a +2 leather armour (worn)
 n - a +0 helmet (worn)
Scrolls
 e - 2 scrolls of identify {unknown}
 f - 3 scrolls of amnesia {unknown}
 g - a scroll of enchant armour {unknown}
 i - a scroll of magic mapping {unknown}
 k - a scroll of random uselessness {unknown}
 r - a scroll of enchant weapon {unknown}
Potions
 d - 2 potions of curing {unknown}
 h - a potion of lignification {unknown}
 j - a potion of brilliance {unknown}
 l - a potion of heal wounds {unknown}
 m - a potion of berserk rage {unknown}
 p - a potion of haste {unknown}
 q - a potion of flight {unknown}
Comestibles
 c - 7 rations
 s - 4 chunks of flesh


   Skills:
 + Level 4.1 Fighting
 * Level 4.6 Long Blades
 + Level 3.1 Armour
 + Level 2.6 Dodging


You had 5 spell levels left.
You didn't know any spells.

Dungeon Overview and Level Annotations

Branches:
Dungeon (4/15)
 Temple: D:4-7

Altars:

Annotations:
D:3 1 runed door, adept's ghost, amateur GnNe


Innate Abilities, Weirdness & Mutations

You have very sharp fingernails.


Message History

You closely miss something. Something bites you. x2
Something bites you but does no damage.
You miss something. Something bites you.
Something bites you but does no damage.
You closely miss something. Something bites you but does no damage.
Something bites you. x2
* * * LOW HITPOINT WARNING * * *
An orc comes into view.
Something bites you.
* * * LOW HITPOINT WARNING * * *
There is an open door here.
You hear a bark!
Something bites you but does no damage.
You barely miss something. Something bites you.
* * * LOW HITPOINT WARNING * * *
Something bites you but does no damage. Something bites you.
* * * LOW HITPOINT WARNING * * *
You miss something. Something bites you but does no damage.
Something bites you.
You die...

#.....................
#.................)...
#................)....
#.....................
#.....................
#.....#'#########'####
#.....#........ ....
#.....#.............#
#...o@#.............#
#.....{.............#
#.....#.............#
#.....#...###########
#.....#...#
..######..... ...
....... .. .........
.........


You could see an orc.

Vanquished Creatures
  2 ogres (D:4)
  A howler monkey (D:4)
  Terence (D:3)
  5 adders
  2 worms (D:2)
  2 dart slugs
  4 leopard geckos (D:2)
  An orc (D:3)
  3 bats
  4 giant cockroaches
  9 goblins
  10 hobgoblins
  8 kobolds
  2 quokkas
  7 frilled lizards
  2 rats
63 creatures vanquished.

Notes
Turn   | Place    | Note
-------+----------+-------------------------------------------
     0 | D:1      | Lanoc the Demonspawn Chaos Knight began the quest for the Orb.
     0 | D:1      | Reached XP level 1. HP: 18/18 MP: 1/1
   101 | D:1      | Reached skill level 1 in Dodging
   230 | D:1      | Gained mutation: You have sharp fingernails. [demonic ancestry]
   230 | D:1      | Reached XP level 2. HP: 23/24 MP: 2/2
   681 | D:2      | Reached XP level 3. HP: 24/29 MP: 3/3
  1173 | D:3      | Found a runed door.
  1249 | D:3      | XOM: harmless Hex miscast
  1278 | D:3      | Noticed Terence
  1285 | D:3      | Killed Terence
  1285 | D:3      | Reached XP level 4. HP: 25/35 MP: 4/4
  1311 | D:3      | XOM: god gift: ration
  1344 | D:3      | Noticed adept's ghost (amateur GnNe)
  1458 | D:3      | XOM: divination: detect items
  1881 | D:3      | XOM: harmless Tloc miscast
  1929 | D:3      | Reached XP level 5. HP: 26/42 MP: 5/5
  2036 | D:3      | XOM: cast spell 'Summon Butterflies'
  2121 | D:4      | Noticed an ogre
  2127 | D:4      | XOM: cast spell 'Olgreb's Toxic Radiance'
  2131 | D:4      | XOM: enchant monster (good)
  2133 | D:4      | Noticed an ogre
  2135 | D:4      | Killed an ogre
  2135 | D:4      | Gained mutation: You have very sharp fingernails. [demonic ancestry]
  2135 | D:4      | Reached XP level 6. HP: 31/48 MP: 6/6
  2135 | D:4      | XOM: potion effect (curing)
  2176 | D:4      | HP: 2/48 [something (2)]
  2177 | D:4      | Slain by a hound

Vault maps used:
D:1:      dpeg_arrival_concentric_ovals, serial_bayou_pond_d,
          grunt_decor_clamped
D:3:      cheibrodos_greedy_goblins, kennysheep_cross_bottleneck,
          uniq_crazy_yiuf_cottage, uniq_grinder, uniq_terence
D:4:      first_ration, uniq_blork_the_orc

Skill      XL: |  1  2  3  4  5  6 |
---------------+-------------------+-----
Dodging        | 1 2 |  2.6
Long Blades    | 3 4 |  4.6
Armour         | 2 3 |  3.1
Fighting       | 4 |  4.1

Action                   |  1- 3 |  4- 6 || total
-------------------------+-------+-------++-------
Melee: Falchion          |   108 |    98 ||   206
 Stab: Paralysed         |       |     5 ||     5
       Distracted        |       |     1 ||     1
  Eat: Chunk             |     1 |     3 ||     4
Armor: Leather armour    |    34 |    26 ||    60
Dodge: Dodged            |    62 |    54 ||   116
       Rpst.: Falchion   |    22 |    19 ||    41

Table legend:
 A = Spawn XP
 B = Non-spawn XP
 C = Spawn XP percentage of total XP
 D = Spawn monster count
 E = Non-spawn monster count
 F = Spawn count percentage of total count
 G = Total turns spent on level
                    A         B        C        D         E        F      G
               +---------+---------+-------+---------+---------+-------+---------
         Total |       0 |     502 |   0.0 |       0 |      63 |   0.0 |  2177
               +---------+---------+-------+---------+---------+-------+---------
           D:1 |       0 |      20 |   0.0 |       0 |      13 |   0.0 |   602
           D:2 |       0 |      64 |   0.0 |       0 |      23 |   0.0 |   561
           D:3 |       0 |     125 |   0.0 |       0 |      24 |   0.0 |   877
           D:4 |       0 |     293 |   0.0 |       0 |       3 |   0.0 |   137
               +---------+---------+-------+---------+---------+-------+---------
